 Dungeon Crawl Stone Soup version 0.30.0-30-g96aa6591b8 (webtiles) character file.

Game seed: 17685921358192019340

244 booth the Chopper (level 5, 0/40 HPs)
             Began as a Demonspawn Reaver on June 28, 2023.
             Slain by an iguana (8 damage)
             ... on level 4 of the Dungeon.
             The game lasted 00:23:04 (3343 turns).

booth the Chopper (Demonspawn Reaver)               Turns: 3343, Time: 00:23:05

Health: 0/40       AC:  9    Str: 14    XL:     5   Next: 83%
Magic:  9/9        EV: 12    Int: 15    God:
Gold:   216        SH:  0    Dex: 11    Spells: 0/9 levels left

rFire   . . .        a - +0 hand axe
rCold   . . .        (no shield)
rNeg    . . .        b - +0 leather armour
rPois   .            (helmet restricted)
rElec   .            (no cloak)
rCorr   .            e - +0 pair of gloves
SInv    .            g - +0 pair of boots
Will    .....        (no amulet)
Stlth   +            (no ring)
HPRegen 0.26/turn    (no ring)
MPRegen 0.11/turn

%: no passive effects
@: no status effects
A: antennae 2, demonic magic 1, hooves 1, iridescent scales 2
a: no special abilities


You were on level 4 of the Dungeon.
You visited 1 branch of the dungeon, and saw 4 of its levels.

You collected 216 gold pieces.

Inventory:

Hand Weapons
 a - a +0 hand axe (weapon)
 k - a +0 war axe
Missiles
 d - 4 poisoned darts (quivered)
 h - 6 javelins
Armour
 b - a +0 leather armour (worn)
 e - a +0 pair of gloves (worn)
 g - a +0 pair of boots (worn)
 i - a +2 kite shield
Jewellery
 l - an amulet of magic regeneration
Scrolls
 c - 3 scrolls of teleportation
 j - a scroll of immolation
 n - 2 scrolls of identify
Potions
 f - a potion of brilliance
 m - a potion of flight
 o - a potion of curing {unknown}
 p - a potion of invisibility {unknown}
 q - a potion of heal wounds


   Skills:
 + Level 2.9 Fighting
 * Level 3.8 Axes
 + Level 1.2 Armour
 + Level 2.7 Dodging
 + Level 1.1 Shields
 + Level 2.7 Spellcasting
 + Level 3.6 Conjurations
 + Level 0.5 Hexes


You couldn't memorise any spells.
You knew the following spells:

 Your Spells              Type           Power      Damage    Failure   Level
a - Kiss of Death         Conj/Necr      28%        2d7       12%         1
b - Momentum Strike       Conj/Tloc      14%        3d8       19%         2
c - Sublimation of Blood  Necr           2%         N/A       36%         2
d - Magic Dart            Conj           52%        1d5       5%          1
e - Hailstorm             Conj/Ice       7%         3d4       34%         3

Your spell library contained the following spells:

 Spells                   Type           Power      Damage    Failure   Level
 Call Imp                 Summ           4%         N/A       36%         2
 Mephitic Cloud           Conj/Pois/Air  5%         N/A       43%         3
 Cause Fear               Hex            1%         N/A       90%         4
 Passage of Golubria      Tloc           2%         N/A       94%         4
 Petrify                  Tmut/Erth      2%         N/A       94%         4
 Irradiate                Conj/Tmut      3%         3d12      97%         5
 Silence                  Hex/Air        1%         N/A       99%         5
 Conjure Ball Lightning   Conj/Air       3%         3x3d6     100%        6
 Dragon Form              Tmut           1%         N/A       100%        7
 Discord                  Hex            1%         N/A       100%        8
 Disjunction              Tloc           1%         N/A       100%        8
 Lehudib's Crystal Spear  Conj/Erth      3%         10d3      100%        8
 Dragon's Call            Summ           1%         N/A       100%        9


Dungeon Overview and Level Annotations

Branches:
Dungeon (4/15)
 Temple: D:4-7

Altars:

Annotations:
D:2 1 runed translucent door, Crazy Yiuf


Innate Abilities, Weirdness & Mutations

You have a pair of antennae on your head.
Spells you cast may paralyse adjacent enemies.
You have large cloven feet.
You are mostly covered in iridescent scales. (AC +4)


Message History

The hobgoblin barely misses you.
You hit the hobgoblin.
You kill the hobgoblin!
Found an escape hatch in the floor.
p - a glowing puce potion
Found a potion of heal wounds.
q - a potion of heal wounds A scorpion comes into view.
A giant cockroach comes into view.
The giant cockroach bites you. The giant cockroach barely misses you.
The giant cockroach closely misses you.
You hit the giant cockroach.
The giant cockroach is severely wounded.
The giant cockroach barely misses you. x2
You hit the giant cockroach.
You kill the giant cockroach!
An iguana comes into view.
The iguana hisses angrily.
Throw: 6 darts (poison)
Press: ? - help, Q - select action, (/) - cycle Shift-Dir - straight line, f - iguana
Aim: an iguana (60% to hit)
You throw a poisoned dart.
The poisoned dart barely misses the iguana.
You hit the iguana but do no damage. The iguana bites you!
You hit the iguana but do no damage. The iguana misses you.
You barely miss the iguana. The iguana bites you.
You barely miss the iguana. The iguana bites you.
You hit the iguana but do no damage. The iguana bites you.
Throw: 5 darts (poison)
Press: ? - help, Q - select action, (/) - cycle Shift-Dir - straight line, f/p - iguana
Aim: an iguana (60% to hit)
You throw a poisoned dart. The poisoned dart hits the iguana.
The iguana is poisoned.
The iguana bites you!
* * * LOW HITPOINT WARNING * * *
You closely miss the iguana.
The iguana is lightly wounded.
The iguana bites you!
You die...

####+####### .... ## #......##.
####....#.#.##..(........## ..##
.......................#... #.#.
###.#..................#....
#... #.##.................
#...##..# #.#.....>..........#
##....<.# #.#..#..##.........#
#........
#...##.###....l...#####........
#...#...##....@.............###
#..##....##................. #
##................#...##.....#..
#.....###........## ..##........
###...#...........#.. ##...####.
#...#.............. ...## ..
#....##........###. ..# #..
##....#........# ##..##........#


You could see an iguana (poisoned).

Vanquished Creatures
  2 hounds (D:4)
  A jelly (D:4)
  2 orc wizards (D:3)
  A gnoll (D:1)
  4 adders
  A dart slug (D:1)
  3 orcs (D:3)
  5 endoplasms
  3 giant cockroaches
  7 hobgoblins
  2 jackals (D:3)
  7 kobolds
  3 quokkas
  6 ball pythons
  3 bats
  A frilled lizard (D:3)
  4 goblins
  4 rats
59 creatures vanquished.

Notes
Turn   | Place    | Note
-------+----------+-------------------------------------------
     0 | D:1      | booth the Demonspawn Reaver began the quest for the Orb.
     0 | D:1      | Reached XP level 1. HP: 16/16 MP: 3/3
   167 | D:1      | Discovered your monstrous ancestry.
   167 | D:1      | Gained mutation: You have a pair of small antennae on your
                  | head. [demonic ancestry]
   167 | D:1      | Reached XP level 2. HP: 22/22 MP: 5/5
   170 | D:1      | Learned a level 2 spell: Momentum Strike
   550 | D:1      | Reached XP level 3. HP: 22/28 MP: 6/6
   558 | D:1      | Learned a level 2 spell: Sublimation of Blood
   839 | D:1      | Gained mutation: You have large cloven feet. [potion of
                  | mutation]
   839 | D:1      | Gained mutation: You are partially covered in iridescent
                  | scales. (AC +2) [potion of mutation]
   839 | D:1      | Gained mutation: You are mostly covered in iridescent
                  | scales. (AC +4) [potion of mutation]
  1704 | D:2      | Found a runed translucent door.
  1705 | D:2      | Noticed Crazy Yiuf
  2049 | D:3      | Gained mutation: Spells you cast may paralyse adjacent
                  | enemies. [demonic ancestry]
  2049 | D:3      | Reached XP level 4. HP: 34/34 MP: 7/7
  2299 | D:3      | Gained mutation: You have a pair of antennae on your head.
                  | [demonic ancestry]
  2299 | D:3      | Reached XP level 5. HP: 24/39 MP: 8/8
  2414 | D:3      | Reached skill level 1 in Armour
  3001 | D:4      | Learned a level 1 spell: Magic Dart
  3005 | D:4      | Learned a level 3 spell: Hailstorm
  3182 | D:4      | Reached skill level 1 in Shields
  3343 | D:4      | Slain by an iguana

Illustrated notes

Levels and vault maps discovered:
D:1:      minmay_arrival_doors, layout_basic
D:2:      layout_loops_corners, uniq_crazy_yiuf_cottage
D:3:      layout_basic
D:4:      layout_cave_pools, kennysheep_mini, fedhas_ov_isle_minmay,
          kennysheep_generic_room_2

Skill      XL: |  1  2  3  4  5 |
---------------+----------------+-----
Dodging        | 2 |  2.7
Axes           | 3 |  3.8
Armour         | 1 |  1.2
Shields        | 1 |  1.1
Fighting       | |  2.9
Spellcasting   | |  2.7
Conjurations   | |  3.6
Hexes          | |  0.5

Action                     |  1- 3 |  4- 6 || total
---------------------------+-------+-------++-------
  Melee: Hand axe          |   121 |   109 ||   230
         Punch             |     2 |     2 ||     4
  Throw: Dart              |       |     5 ||     5
         Javelin           |       |     2 ||     2
   Cast: Momentum Strike   |       |     1 ||     1
    Use: Scroll            |     5 |     2 ||     7
         Potion            |     2 |     3 ||     5
   Stab: Paralysed         |       |     1 ||     1
 Armour: Leather armour    |    33 |    70 ||   103
  Dodge: Dodged            |    64 |    77 ||   141
